[Event "2022 Harris Edwardes Interclub Competition (Division C)"]
[Site "Leeming, Perth WA AUS"]
[Date "2022.08.28"]
[Round "4"]
[White "Milovanovic, Stevica"]
[Black "Sowden, Miles"]
[Result "1-0"]
[EventDate "2022.08.21"]
[EventRounds "4"]
[EventType "team"]
[Section "Division C (Minor): U1550"]
[Stage "Final Round Playoffs: 1st vs 2nd"]
[Board "2"]
[TimeControl "3600+10"]
[WhiteElo "1459"]
[BlackElo "1510"]
[WhiteTeam "Southern Suburbs Chess Club C"]
[BlackTeam "Perth Chess Club C"]
[ECO "C23"]
[PlyCount "107"]

1. e4 e5 2. Bc4 Bc5 3. d3 Qf6 4. Qf3 Nc6 5. c3 a6 6. b4 Ba7 7. Bg5 Qxf3 8. Nxf3
h6 9. Bh4 d6 10. h3 g5 11. Bg3 g4 12. hxg4 Bxg4 13. Nbd2 h5 14. Nh4 Nge7 15. f3
Be6 16. a4 Bxc4 17. Nxc4 Ng6 18. b5 axb5 19. axb5 Nce7 20. b6 cxb6 21. Nxb6 O-O
22. Nxg6 fxg6 23. Nc4 Bc5 24. Ke2 b5 25. Nd2 Kg7 26. Rhb1 Rab8 27. Nb3 Nc6 28.
Na5 Nxa5 29. Rxa5 Kf6 30. Bf2 Bxf2 31. Kxf2 Rb6 32. Raxb5 Rxb5 33. Rxb5 h4 34.
Rb6 Ke6 35. c4 Rc8 36. Kg1 Rd8 37. Kh2 Kf6 38. Kh3 Kg5 39. g3 hxg3 40. Kxg3 Kh5
41. Rb5 Kg5 42. f4+ Kf6 43. fxe5+ dxe5 44. Rd5 Rc8 45. c5 Rc6 46. Kg4 Re6 47.
Rd6 Rxd6 48. cxd6 Ke6 49. d7 Kxd7 50. Kg5 Ke7 51. Kxg6 Ke6 52. Kg5 Ke7 53. Kf5
Kd6 54. Kf6 1-0

[Event "2022 Harris Edwardes Interclub Competition (Division C)"]
[Site "Leeming, Perth WA AUS"]
[Date "2022.08.28"]
[Round "4"]
[White "Browning, Thomas"]
[Black "Bonneville, Adam"]
[Result "1-0"]
[EventDate "2022.08.21"]
[EventRounds "4"]
[EventType "team"]
[Section "Division C (Minor): U1550"]
[Stage "Final Round Playoffs: 1st vs 2nd"]
[Board "3"]
[TimeControl "3600+10"]
[WhiteElo "1496"]
[BlackElo "1410"]
[WhiteTeam "Perth Chess Club C"]
[BlackTeam "Southern Suburbs Chess Club C"]
[ECO "E90"]
[PlyCount "59"]

1. d4 Nf6 2. c4 d6 3. Nf3 g6 4. Bg5 Bg7 5. Nc3 Nbd7 6. h3 O-O 7. e4 h6 8. Bh4
g5 9. Bg3 Nh5 10. Bh2 e6 11. Bd3 f5 12. exf5 exf5 13. O-O Ndf6 14. Qc2 g4 15.
Nh4 gxh3 16. gxh3 Ne4 17. Bxe4 Qxh4 18. Bd5+ Kh8 19. Bg2 Bxd4 20. Qd2 Bg7 21.
Rae1 f4 22. Re4 Qg5 23. Kh1 Bxh3 24. Bxh3 Qh4 25. Bg2 Ng3+ 26. fxg3 Qxh2+ 27.
Kxh2 fxg3+ 28. Kxg3 Be5+ 29. Kh3 Rg8 30. Qxh6# 1-0

[Event "2022 Harris Edwardes Interclub Competition (Division C)"]
[Site "Leeming, Perth WA AUS"]
[Date "2022.08.28"]
[Round "4"]
[White "Wu, Kobe"]
[Black "Knight , Charles"]
[Result "0-1"]
[EventDate "2022.08.21"]
[EventRounds "4"]
[EventType "team"]
[Section "Division C (Minor): U1550"]
[Stage "Final Round Playoffs: 1st vs 2nd"]
[Board "4"]
[TimeControl "3600+10"]
[WhiteElo "1312"]
[BlackElo "1445"]
[WhiteTeam "Southern Suburbs Chess Club C"]
[BlackTeam "Perth Chess Club C"]
[ECO "B12"]
[PlyCount "126"]

1. e4 c6 2. Nf3 d5 3. e5 c5 4. c3 Nc6 5. d4 cxd4 6. cxd4 Bg4 7. Be2 e6 8. h3
Bxf3 9. Bxf3 Nge7 10. Nc3 Nf5 11. Ne2 Qb6 12. O-O Nfxd4 13. Nxd4 Nxd4 14. Be3
Nxf3+ 15. Qxf3 Qxb2 16. Rfb1 Qxe5 17. Bf4 Qf6 18. Qe3 Be7 19. Bg5 Qxg5 20. Qxg5
Bxg5 21. Rxb7 O-O 22. g3 d4 23. f4 Bf6 24. Rd1 Rfd8 25. Rd3 e5 26. fxe5 Bxe5
27. Kf1 a6 28. Re7 f6 29. g4 Rac8 30. g5 Rc3 31. Ke2 Rc2+ 32. Kf3 Rxa2 33. Rb3
Bd6 34. Ra7 fxg5 35. Rbb7 Rf8+ 36. Ke4 Rf4+ 37. Kd5 Bf8 38. Rd7 Ra5+ 39. Kc4
Rc5+ 40. Kd3 Rc3+ 41. Kd2 Rxh3 42. Ke1 Re3+ 43. Kd1 g4 44. Kd2 Rf2+ 45. Kd1 Ra3
46. Rac7 Ra1+ 47. Rc1 Rf1+ 48. Ke2 Raxc1 49. Kd3 Rf3+ 50. Ke2 d3+ 51. Rxd3 Rxd3
52. Kxd3 a5 53. Kd2 Rc8 54. Ke3 a4 55. Kd4 a3 56. Kd5 a2 57. Ke6 a1=Q 58. Kd5
Qe1 59. Kd4 Rd8+ 60. Kc4 Qc1+ 61. Kb3 Rb8+ 62. Ka2 Qc7 63. Ka1 Qa7# 0-1

[Event "2022 Wolfgang Leonhardt Cup"]
[Site "Woodvale, Perth WA AUS"]
[Date "2022.08.10"]
[Round "1"]
[White "Leonhardt, Wolfgang"]
[Black "Maggs, Derwent"]
[Result "0-1"]
[EventDate "2022.08.10"]
[EventType "swiss"]
[EventRounds "7"]
[EventCountry "AUS"]
[TimeControl "3600+30"]
[WhiteElo "1776"]
[BlackElo "2340"]
[ECO "B50"]
[PlyCount "62"]

1. e4 c5 2. Nf3 d6 3. Bc4 e6 4. Nc3 a6 5. a4 Nf6 6. d3 Nc6 7. O-O Be7 8. Bg5
O-O 9. Re1 Ng4 10. Bxe7 Qxe7 11. Nd5 exd5 12. exd5 Nce5 13. Nxe5 dxe5 14. h3
Nf6 15. f4 Qd8 16. Rxe5 b6 17. Bb3 Ne8 18. c4 Nd6 19. Qf3 Ra7 20. g4 Re8 21. d4
f6 22. Rxe8+ Qxe8 23. dxc5 bxc5 24. Bc2 Nxc4 25. Kf2 Nd6 26. h4 Re7 27. Ra3 f5
28. gxf5 Bxf5 29. Bxf5 Nxf5 30. d6 Nxd6 31. Qd5+ Nf7 0-1

[Event "2022 Wolfgang Leonhardt Cup"]
[Site "Woodvale, Perth WA AUS"]
[Date "2022.08.10"]
[Round "1"]
[White "De Vas, Saminda"]
[Black "List, Ross"]
[Result "1-0"]
[EventDate "2022.08.10"]
[EventType "swiss"]
[EventRounds "7"]
[EventCountry "AUS"]
[TimeControl "3600+30"]
[WhiteElo "2031"]
[BlackElo "1755"]
[ECO "D27"]
[PlyCount "65"]

1. d4 d5 2. c4 dxc4 3. e3 Nf6 4. Bxc4 e6 5. Nf3 c5 6. O-O a6 7. dxc5 Qxd1 8.
Rxd1 Bxc5 9. a3 Nbd7 10. b4 Be7 11. Bb2 O-O 12. Nbd2 b5 13. Bf1 Bb7 14. g3 Rfc8
15. Rac1 Nb6 16. Bg2 Bd5 17. Ne5 Na4 18. Bd4 Bxg2 19. Kxg2 Nd5 20. Ne4 f6 21.
Nd3 Nab6 22. Rxc8+ Rxc8 23. Bxb6 Nxb6 24. Nec5 Kf7 25. Nxa6 Nc4 26. Ndc5 Nxa3
27. Rd7 e5 28. Rb7 Nc2 29. Rxb5 Nxb4 30. Rxb4 Bxc5 31. Rc4 Rc6 32. Nxc5 Ke7 33.
Rc1 1-0

[Event "2022 Wolfgang Leonhardt Cup"]
[Site "Woodvale, Perth WA AUS"]
[Date "2022.08.10"]
[Round "1"]
[White "Gough, Dylan"]
[Black "Saxon, Marc"]
[Result "1-0"]
[EventDate "2022.08.10"]
[EventType "swiss"]
[EventRounds "7"]
[EventCountry "AUS"]
[TimeControl "3600+30"]
[WhiteElo "1710"]
[BlackElo "2015"]
[ECO "D93"]
[PlyCount "63"]

1. d4 Nf6 2. c4 g6 3. Nc3 d5 4. Bf4 Bg7 5. e3 O-O 6. Nf3 Na6 7. h3 c5 8. Be5
Qa5 9. Bxf6 Bxf6 10. cxd5 Bf5 11. a3 Rfd8 12. Qd2 Nb4 13. Rc1 cxd4 14. Nb5 dxe3
15. Qxb4 Qb6 16. Nbd4 exf2+ 17. Kxf2 Qxb4 18. axb4 Rxd5 19. Nxf5 Rxf5 20. Bd3
Rd5 21. Be4 Rb5 22. Rc4 Bxb2 23. Rb1 Bg7 24. Rc7 f5 25. Bd3 Rb6 26. Rxe7 Rd6
27. Bc4+ Kh8 28. Ng5 Rf8 29. Nf7+ Rxf7 30. Rxf7 Rc6 31. Rd1 Rc8 32. Rdd7 1-0

[Event "2022 Wolfgang Leonhardt Cup"]
[Site "Woodvale, Perth WA AUS"]
[Date "2022.08.10"]
[Round "1"]
[White "Janceski, Alex"]
[Black "Garang, Kuol Awan"]
[Result "1-0"]
[EventDate "2022.08.10"]
[EventType "swiss"]
[EventRounds "7"]
[EventCountry "AUS"]
[TimeControl "3600+30"]
[WhiteElo "1930"]
[BlackElo "1645"]
[ECO "D10"]
[PlyCount "121"]

1. d4 d5 2. c4 Nf6 3. e3 Bf5 4. Nc3 c6 5. h3 h6 6. Nf3 e6 7. a3 Bd6 8. b4 Nbd7
9. Bb2 Qe7 10. c5 Bc7 11. Be2 Rd8 12. O-O O-O 13. Bd3 Ne4 14. Qc2 Ndf6 15. Ne5
a6 16. Ne2 Nd7 17. f3 Ng5 18. e4 Bh7 19. h4 Nxe5 20. hxg5 Nxd3 21. Qxd3 Qxg5
22. Bc1 Qh4 23. Rf2 Qh2+ 24. Kf1 Qh1+ 25. Ng1 Bh2 26. Ke2 Bxg1 27. Be3 Bxf2 28.
Rxh1 dxe4 29. fxe4 Bxe3 30. Qxe3 e5 31. Rd1 exd4 32. Rxd4 Rde8 33. Kf2 f5 34.
e5 f4 35. Qb3+ Kh8 36. e6 Rf6 37. Rd6 Bg8 38. Qd1 Rfxe6 39. Rxe6 Bxe6 40. Qd6
Kg8 41. Qc7 Bc8 42. Kf3 Rf8 43. g3 g5 44. gxf4 Rxf4+ 45. Kg3 Rg4+ 46. Kf3 Rf4+
47. Ke3 Rf8 48. Qe7 Rf7 49. Qe8+ Kg7 50. Qxc8 h5 51. Qd8 Kg6 52. Qg8+ Rg7 53.
Qe6+ Kh7 54. Kf3 h4 55. Kg4 Kh8 56. Qf6 Kg8 57. Kh5 h3 58. Kh6 Rh7+ 59. Kg6
Rh6+ 60. Kxh6 h2 61. Qg7# 1-0

[Event "2022 Wolfgang Leonhardt Cup"]
[Site "Woodvale, Perth WA AUS"]
[Date "2022.08.10"]
[Round "1"]
[White "Hintz, Steven"]
[Black "Stortz, Robert"]
[Result "0-1"]
[EventDate "2022.08.10"]
[EventType "swiss"]
[EventRounds "7"]
[EventCountry "AUS"]
[TimeControl "3600+30"]
[WhiteElo "1572"]
[BlackElo "1871"]
[ECO "D12"]
[PlyCount "126"]

1. e4 c6 2. d4 d5 3. Nc3 dxe4 4. Nxe4 Bf5 5. Ng3 Bg6 6. Nf3 Nd7 7. Bd3 Bxd3 8.
Qxd3 e6 9. O-O Ngf6 10. Ne4 Nxe4 11. Qxe4 Be7 12. Bf4 Nf6 13. Qe2 O-O 14. c3
Rc8 15. Rad1 Qa5 16. a3 Rfd8 17. Rfe1 Qf5 18. Be5 Bd6 19. Bxd6 Rxd6 20. Qe5 Rd5
21. Qxf5 Rxf5 22. Re5 Rxe5 23. Nxe5 Kf8 24. Kf1 Ke7 25. Ke2 Nd5 26. Nd3 b6 27.
f4 h6 28. Kf3 h5 29. Re1 Kd6 30. Re5 g6 31. Re1 Nf6 32. h3 Nd7 33. Rd1 Ke7 34.
Ne5 Nf6 35. Nd3 Nd7 36. Ne5 Nxe5+ 37. dxe5 c5 38. c4 a6 39. Rd6 Rb8 40. g4
hxg4+ 41. hxg4 b5 42. b4 cxb4 43. axb4 bxc4 44. Rxa6 Rxb4 45. Ke3 Rb3+ 46. Ke4
c3 47. Kd3 c2+ 48. Kxc2 Rb4 49. Ra7+ Kf8 50. f5 gxf5 51. gxf5 exf5 52. Kd3 Re4
53. Ra5 Ke7 54. Rd5 Ke6 55. Ra5 Rxe5 56. Ra6+ Ke7 57. Ra7+ Kf6 58. Kd4 Re8 59.
Ra6+ Kg5 60. Ra7 Kf6 61. Ra6+ Re6 62. Ra1 f4 63. Rf1 Kf5 0-1

[Event "2022 Wolfgang Leonhardt Cup"]
[Site "Woodvale, Perth WA AUS"]
[Date "2022.08.10"]
[Round "1"]
[White "Gibson, Jacob"]
[Black "Oswald, Franz"]
[Result "1-0"]
[EventDate "2022.08.10"]
[EventType "swiss"]
[EventRounds "7"]
[EventCountry "AUS"]
[TimeControl "3600+30"]
[WhiteElo "1864"]
[BlackElo "1551"]
[ECO "B12"]
[PlyCount "157"]

1. e4 c6 2. d4 d5 3. f3 dxe4 4. fxe4 e5 5. Nf3 Bg4 6. c3 Nf6 7. Bc4 Nbd7 8. Bg5
Bd6 9. h3 Bh5 10. Nbd2 Qb6 11. Qc2 O-O 12. Bxf6 gxf6 13. g4 Bg6 14. O-O-O exd4
15. cxd4 c5 16. h4 h6 17. Nb3 cxd4 18. Nbxd4 Bf4+ 19. Kb1 Ne5 20. Nxe5 Bxe5 21.
Nf5 Bxf5 22. gxf5 Rac8 23. b3 Qe3 24. Rd3 Qf4 25. Rd7 Kh8 26. Rxb7 Qe3 27. Qd3
Qxd3+ 28. Bxd3 a5 29. a4 Rb8 30. Rxb8 Rxb8 31. Bc4 Kg7 32. Rd1 Rb7 33. Kc2 Kf8
34. Rd5 Ra7 35. Rd8+ Kg7 36. h5 Ba1 37. Kd3 Be5 38. Kd2 Bc7 39. Rc8 Bd6 40. Rd8
Bb4+ 41. Kd3 Bc5 42. Bd5 Bb4 43. Rc8 Be1 44. Kc4 Bg3 45. Kb5 Be1 46. Kb6 Bf2+
47. Kc6 Be1 48. Kb5 Bd2 49. Ba8 Be1 50. Kc6 Bg3 51. Bb7 Bf2 52. Rd8 Be3 53. Kc7
Bf4+ 54. Kc8 Be3 55. Kb8 Bb6 56. Rd6 Be3 57. Rd8 Bf2 58. Rc8 Be3 59. Kc7 Bf2
60. Kc6 Be3 61. Ba8 Bf2 62. Kb5 Be1 63. Bd5 Bd2 64. Rb8 Be1 65. Rb6 Bf2 66. Rb8
Be3 67. b4 axb4 68. Kxb4 Bd2+ 69. Kb5 Ra5+ 70. Kc6 Rxa4 71. Rb7 Ra6+ 72. Kb5
Ra5+ 73. Kb6 Ra3 74. Rxf7+ Kh8 75. Rxf6 Bg5 76. Rg6 Be3+ 77. Kb7 Ra7+ 78. Kc8
Ra8+ 79. Bxa8 1-0

[Event "2022 Wolfgang Leonhardt Cup"]
[Site "Woodvale, Perth WA AUS"]
[Date "2022.08.10"]
[Round "1"]
[White "De Vas, Yonal"]
[Black "Hernandez Mendez, Iker"]
[Result "0-1"]
[EventDate "2022.08.10"]
[EventType "swiss"]
[EventRounds "7"]
[EventCountry "AUS"]
[TimeControl "3600+30"]
[WhiteElo "1523"]
[BlackElo "1826"]
[ECO "D37"]
[PlyCount "58"]

1. d4 d5 2. c4 c6 3. Nc3 Nf6 4. Bf4 e6 5. e3 Nbd7 6. Nf3 Be7 7. Bd3 dxc4 8.
Bxc4 b5 9. Bd3 Bb7 10. O-O O-O 11. Qc2 b4 12. Ne4 Nxe4 13. Bxe4 h6 14. Qa4 Nb6
15. Qc2 Nd5 16. Bxd5 cxd5 17. Ne5 Qa5 18. Nc6 Bxc6 19. Qxc6 Rfc8 20. Qd7 Bf8
21. b3 Rc2 22. Qa4 Qxa4 23. bxa4 Rac8 24. h3 Be7 25. g3 g5 26. Bxg5 hxg5 27. f4
R8c3 28. Rf2 Rxf2 29. Kxf2 Ra3 0-1

[Event "2022 Wolfgang Leonhardt Cup"]
[Site "Woodvale, Perth WA AUS"]
[Date "2022.08.10"]
[Round "1"]
[White "Clarke, Daniel"]
[Black "Knight, Charles"]
[Result "1-0"]
[EventDate "2022.08.10"]
[EventType "swiss"]
[EventRounds "7"]
[EventCountry "AUS"]
[TimeControl "3600+30"]
[WhiteElo "1784"]
[BlackElo "1445"]
[ECO "B15"]
[PlyCount "59"]

1. e4 c6 2. d4 d5 3. Nd2 dxe4 4. Nxe4 Nf6 5. Nxf6+ exf6 6. c3 Bd6 7. Bd3 O-O 8.
Qc2 Re8+ 9. Ne2 h6 10. Be3 Be6 11. c4 Nd7 12. O-O-O Rc8 13. Kb1 b5 14. c5 Bc7
15. Ng3 a5 16. Nf5 Bxf5 17. Bxf5 Rb8 18. Be4 Nf8 19. Bxc6 Re7 20. d5 Rxe3 21.
fxe3 Be5 22. Qd3 b4 23. Qa6 b3 24. a3 Rc8 25. Rd3 Ng6 26. Rxb3 Ne7 27. Rb6 Nxd5
28. Bxd5 Qxd5 29. Qxc8+ Kh7 30. Qf5+ 1-0

[Event "2022 John Brooke Cup"]
[Site "Woodvale, Perth WA AUS"]
[Date "2022.08.10"]
[Round "1"]
[White "Watson, Jake"]
[Black "Browning, Thomas"]
[Result "0-1"]
[EventDate "2022.08.10"]
[EventType "swiss"]
[EventRounds "7"]
[EventCountry "AUS"]
[TimeControl "3600+30"]
[WhiteElo "1085"]
[BlackElo "1496"]
[ECO "B22"]
[PlyCount "68"]

1. e4 c5 2. Nf3 Nc6 3. c3 d6 4. d4 cxd4 5. cxd4 Bg4 6. Qa4 Bd7 7. d5 Ne5 8. Bb5
Nxf3+ 9. gxf3 Nf6 10. Nc3 a6 11. Bxd7+ Nxd7 12. Bf4 b5 13. Qb4 Nc5 14. e5 Nd3+
15. Kd2 Nxb4 16. a3 dxe5 17. axb4 exf4 18. Rhe1 Qb6 19. Ne4 Qd4+ 20. Ke2 Qc4+
21. Kd2 Qxd5+ 22. Kc2 Rc8+ 23. Nc5 e6 24. Rad1 Qxf3 25. Kb1 Bxc5 26. Rc1 O-O
27. bxc5 Rfd8 28. Rc3 Rd1+ 29. Ka2 Qd5+ 30. b3 Rxe1 31. c6 Re2+ 32. Ka3 b4+ 33.
Kxb4 Rb8+ 34. Ka3 Qa5# 0-1

[Event "2022 John Brooke Cup"]
[Site "Woodvale, Perth WA AUS"]
[Date "2022.08.10"]
[Round "1"]
[White "Massam, Justin"]
[Black "De Vas, Senudi"]
[Result "1-0"]
[EventDate "2022.08.10"]
[EventType "swiss"]
[EventRounds "7"]
[EventCountry "AUS"]
[TimeControl "3600+30"]
[WhiteElo "1442"]
[BlackElo "1050"]
[ECO "D02"]
[PlyCount "103"]

1. d4 d5 2. Nf3 e6 3. Bf4 Bd6 4. e3 Bxf4 5. exf4 Nf6 6. Nbd2 Nbd7 7. Bd3 O-O 8.
Ne5 b6 9. c3 Re8 10. Nc6 Bb7 11. Nxd8 Rexd8 12. O-O c5 13. dxc5 Nxc5 14. Bc2
Nfe4 15. Nf3 Rac8 16. Nd4 a6 17. a4 h6 18. Ra3 Bc6 19. Nxc6 Rxc6 20. Re1 b5 21.
Bxe4 Nxe4 22. Rxe4 Rdc8 23. Re2 b4 24. Ra1 bxc3 25. bxc3 Rxc3 26. g3 R8c4 27.
Kg2 Kh7 28. Rd2 Rc5 29. f5 R3c4 30. fxe6 fxe6 31. Qb1+ Kh8 32. Re2 Rc6 33. Qg6
e5 34. Qe8+ Kh7 35. Rxe5 d4 36. Rd5 R6c5 37. Rxc5 Rxc5 38. Qe4+ Kh8 39. Qxd4
Rc8 40. a5 Rg8 41. Qd6 Ra8 42. Qb6 Rd8 43. Qxd8+ Kh7 44. Qb6 Kh8 45. Qxa6 Kh7
46. Rc1 Kg8 47. Qd3 Kf8 48. Qh7 Ke7 49. Rc6 Ke8 50. Qxg7 Kd8 51. Rxh6 Ke8 52.
Rh8# 1-0

[Event "2022 John Brooke Cup"]
[Site "Woodvale, Perth WA AUS"]
[Date "2022.08.10"]
[Round "1"]
[White "Hounsome, David"]
[Black "Kwenda, Ridge"]
[Result "1-0"]
[EventDate "2022.08.10"]
[EventType "swiss"]
[EventRounds "7"]
[EventCountry "AUS"]
[TimeControl "3600+30"]
[WhiteElo "1334"]
[BlackElo "969"]
[ECO "A01"]
[PlyCount "69"]

1. b3 b6 2. Bb2 Bb7 3. e3 e5 4. Bxe5 Qg5 5. Bg3 Bd6 6. Nf3 Qf6 7. d4 Bb4+ 8.
Nbd2 d6 9. Be2 c5 10. O-O Nc6 11. Nc4 Rd8 12. Bh4 Qg6 13. Bxd8 Nxd8 14. d5 Ne7
15. Bd3 Qf6 16. e4 O-O 17. Rc1 Bc3 18. Be2 Qg6 19. Qd3 Bf6 20. Rcd1 Bc8 21. e5
Bh3 22. Qxg6 Nxg6 23. exf6 Bf5 24. Bd3 Bg4 25. fxg7 Kxg7 26. Nxd6 Bxf3 27. gxf3
Nf4 28. c4 Rg8 29. Kh1 Nh3 30. Nf5+ Kf6 31. Rde1 Nf4 32. Bc2 Ng2 33. Rg1 Nxe1
34. Rxg8 Nb7 35. Be4 1-0

[Event "2022 John Brooke Cup"]
[Site "Woodvale, Perth WA AUS"]
[Date "2022.08.10"]
[Round "1"]
[White "Overste, Brian"]
[Black "Lanham, Bruce"]
[Result "1-0"]
[EventDate "2022.08.10"]
[EventType "swiss"]
[EventRounds "7"]
[EventCountry "AUS"]
[TimeControl "3600+30"]
[WhiteElo "898"]
[BlackElo "1168"]
[ECO "B01"]
[PlyCount "83"]

1. e4 d5 2. c3 dxe4 3. Qa4+ Nc6 4. Qxe4 Nf6 5. Qa4 Bd7 6. Qb3 Na5 7. Qd1 e5 8.
b4 Nc6 9. Qe2 Bg4 10. Qc4 Qd5 11. f3 Be6 12. Na3 Qxc4 13. Nxc4 Rd8 14. b5 Bxc4
15. Bxc4 Ne7 16. Ba3 Ned5 17. Bxf8 Rxf8 18. Nh3 h6 19. O-O Rd6 20. Rfe1 Nd7 21.
a3 Kd8 22. Nf2 Re8 23. Ne4 N5b6 24. Nxd6 cxd6 25. Bxf7 Re7 26. Bg6 Nf6 27. a4
Rc7 28. Bd3 Nfd7 29. a5 Nc4 30. Ra2 Rc5 31. Rb1 Ke7 32. Rb4 d5 33. g4 g5 34.
Kg2 Nf6 35. Kg3 Kd6 36. h4 Nd7 37. Bxc4 Rxc4 38. Rxc4 dxc4 39. Ra1 Nc5 40. Kf2
Nb3 41. Rh1 Nxa5 42. hxg5 {Scoresheet illegible.} 1-0

[Event "2022 Wolfgang Leonhardt Cup"]
[Site "Woodvale, Perth WA AUS"]
[Date "2022.08.17"]
[Round "2"]
[White "Maggs, Derwent"]
[Black "Gibson, Jacob"]
[Result "1-0"]
[EventDate "2022.08.10"]
[EventType "swiss"]
[EventRounds "7"]
[EventCountry "AUS"]
[TimeControl "3600+30"]
[WhiteElo "2340"]
[BlackElo "1864"]
[ECO "E91"]
[PlyCount "95"]

1. d4 Nf6 2. c4 c5 3. d5 b5 4. cxb5 a6 5. Nc3 g6 6. e4 d6 7. Nf3 Bg7 8. Be2 O-O
9. O-O axb5 10. Bxb5 Ba6 11. Re1 Nfd7 12. Be2 Qb6 13. Qc2 Bxe2 14. Qxe2 Na6 15.
Bg5 Rfb8 16. Nd1 Nf6 17. Rc1 h6 18. Bd2 g5 19. a3 Nc7 20. Qd3 Qb7 21. Rc2 Nb5
22. h3 Nd7 23. Be3 Ne5 24. Nxe5 Bxe5 25. Qe2 Nd4 26. Bxd4 Bxd4 27. Qh5 Qb3 28.
Rd2 Kg7 29. Kh1 Rh8 30. Qg4 Rag8 31. Ne3 e6 32. Qf3 Kf8 33. dxe6 Qxe6 34. Nf5
Be5 35. Qd3 g4 36. h4 Rg6 37. Red1 Bf4 38. Rc2 Qe8 39. g3 Be5 40. b4 cxb4 41.
axb4 Kg8 42. Qd5 Re6 43. b5 Qb8 44. Rdc1 Kh7 45. Rc7 Kg6 46. h5+ Kf6 47. Rb7
Qa8 48. Nxd6 {Time expired} 1-0

[Event "2022 Wolfgang Leonhardt Cup"]
[Site "Woodvale, Perth WA AUS"]
[Date "2022.08.17"]
[Round "2"]
[White "Stortz, Robert"]
[Black "De Vas, Saminda"]
[Result "0-1"]
[EventDate "2022.08.10"]
[EventType "swiss"]
[EventRounds "7"]
[EventCountry "AUS"]
[TimeControl "3600+30"]
[WhiteElo "1871"]
[BlackElo "2031"]
[ECO "D02"]
[PlyCount "196"]

1. d4 d5 2. Bf4 c6 3. e3 Bf5 4. c3 e6 5. Nf3 Bd6 6. Bg3 Qc7 7. Bd3 Bxd3 8. Qxd3
Nf6 9. Nbd2 Nbd7 10. e4 dxe4 11. Nxe4 Nxe4 12. Qxe4 Nf6 13. Bxd6 Qxd6 14. Qe5
Rd8 15. Qxd6 Rxd6 16. Ne5 O-O 17. Rd1 b5 18. a3 Rfd8 19. Ke2 Nd7 20. Nxd7 R6xd7
21. b4 a5 22. bxa5 Ra7 23. Ra1 Rxa5 24. Ra2 Kf8 25. Ke3 Ke7 26. Rb1 Rda8 27.
Rb3 Kd6 28. Kd3 Kd5 29. f3 Ra4 30. g3 f6 31. f4 e5 32. fxe5 fxe5 33. dxe5 Kxe5
34. Re2+ Kd5 35. Rb4 Rxa3 36. Re7 R3a7 37. Rd4+ Kc5 38. Rdd7 Rxd7+ 39. Rxd7 Ra2
40. h4 g6 41. Rxh7 Rg2 42. h5 Rxg3+ 43. Kc2 gxh5 44. Rxh5+ Kb6 45. Rh6 Rg7 46.
Kb3 Rg4 47. Rf6 Rc4 48. Rh6 Rc5 49. Kb4 Rg5 50. Rf6 Rg4+ 51. Kb3 Kc5 52. Rf5+
Kd6 53. Rf6+ Kd5 54. Rf5+ Ke6 55. Rh5 Re4 56. Rh8 Kd6 57. Rb8 Kc7 58. Rh8 c5
59. Rh7+ Kd6 60. Rh6+ Re6 61. Rh4 Kc6 62. Rh8 Kb6 63. Rb8+ Ka5 64. Ra8+ Ra6 65.
Rh8 c4+ 66. Kb2 Ka4 67. Rh1 Ka5 68. Ra1+ Kb6 69. Rh1 Ra7 70. Rh6+ Ka5 71. Rh8
Rb7 72. Ra8+ Kb6 73. Rh8 Rc7 74. Rg8 Rc6 75. Rg5 Rd6 76. Ka3 Ka5 77. Rg8 Rd1
78. Ra8+ Kb6 79. Rb8+ Kc6 80. Rc8+ Kb7 81. Rh8 Rb1 82. Rh7+ Kc6 83. Rh3 Rb3+
84. Ka2 Kb6 85. Rg3 Ka5 86. Rh3 Ka4 87. Rh1 Rxc3 88. Kb2 Rg3 89. Rf1 b4 90.
Ra1+ Ra3 91. Rh1 Rg3 92. Ra1+ Kb5 93. Rh1 Rg2+ 94. Kb1 b3 95. Rf1 Kb4 96. Rh1
c3 97. Rf1 Ka3 98. Rh1 c2+ 0-1

[Event "2022 Wolfgang Leonhardt Cup"]
[Site "Woodvale, Perth WA AUS"]
[Date "2022.08.17"]
[Round "2"]
[White "Clarke, Daniel"]
[Black "Janceski, Alex"]
[Result "1-0"]
[EventDate "2022.08.10"]
[EventType "swiss"]
[EventRounds "7"]
[EventCountry "AUS"]
[TimeControl "3600+30"]
[WhiteElo "1784"]
[BlackElo "1930"]
[ECO "C00"]
[PlyCount "143"]

1. e4 e6 2. Qe2 Nc6 3. Nf3 b6 4. g3 Bb7 5. Bg2 g6 6. d4 Bg7 7. c3 a5 8. d5 Nce7
9. dxe6 dxe6 10. Qb5+ c6 11. Qb3 Nf6 12. O-O O-O 13. Rd1 Qc8 14. Bg5 b5 15. a4
Re8 16. Bxf6 Bxf6 17. axb5 c5 18. e5 Bg7 19. c4 Qc7 20. Qe3 Rad8 21. Nc3 Nf5
22. Qe2 Bxf3 23. Qxf3 Bxe5 24. Qc6 Nd4 25. Qxc7 Bxc7 26. Ne4 Nb3 27. Nf6+ Kf8
28. Nxe8 Nxa1 29. Rxd8 Bxd8 30. Nd6 Ke7 31. Ne4 Bb6 32. Nd2 Nc2 33. Nb3 f5 34.
Kf1 Kd6 35. Ke2 g5 36. Kd2 Nb4 37. Nc1 e5 38. Ne2 h6 39. Nc3 e4 40. f3 e3+ 41.
Kxe3 Nc2+ 42. Kd2 Nd4 43. Kd3 h5 44. Na4 Bc7 45. Nc3 Ne6 46. Nd5 Bb8 47. h4
gxh4 48. gxh4 Ke5 49. Ke3 f4+ 50. Kd3 Nd4 51. Nb6 Kd6 52. Ke4 Bc7 53. Nd5 Bd8
54. Nxf4 Bxh4 55. Nxh5 Bd8 56. Nf4 Nb3 57. Nd5 Nd4 58. f4 a4 59. f5 Bg5 60. Nc3
Bf6 61. Nxa4 Nb3 62. b6 Na5 63. Kd3 Bd4 64. Bd5 Nb3 65. Nc3 Kd7 66. Nb5 Be5 67.
b7 Na5 68. Nc3 Nc6 69. Ne4 Nb4+ 70. Ke2 Nxd5 71. cxd5 Bxb2 72. b8=Q 1-0

[Event "2022 Wolfgang Leonhardt Cup"]
[Site "Woodvale, Perth WA AUS"]
[Date "2022.08.17"]
[Round "2"]
[White "Maris, Rob"]
[Black "Gough, Dylan"]
[Result "1-0"]
[EventDate "2022.08.10"]
[EventType "swiss"]
[EventRounds "7"]
[EventCountry "AUS"]
[TimeControl "3600+30"]
[WhiteElo "2072"]
[BlackElo "1710"]
[ECO "A25"]
[PlyCount "95"]

1. c4 Nc6 2. Nc3 e5 3. g3 d6 4. Bg2 Bd7 5. e3 g6 6. Nge2 Bg7 7. O-O Nge7 8. f4
O-O 9. d4 Qc8 10. fxe5 dxe5 11. d5 Nd8 12. b3 Rb8 13. Ba3 Nf5 14. Rxf5 Bxf5 15.
Bxf8 Bxf8 16. Qd2 Bc5 17. Na4 Bf8 18. Nac3 a6 19. Rd1 Qd7 20. Nc1 Bc5 21. Kh1
f6 22. Na4 Bf8 23. e4 Bh3 24. Nd3 b6 25. c5 Bxg2+ 26. Kxg2 b5 27. c6 Qg4 28.
Nac5 Ra8 29. Nd7 Qxe4+ 30. Kg1 Kg7 31. Nxf8 Kxf8 32. Qf2 Kg7 33. Nc5 Qf5 34.
Qg2 Kf7 35. Nd7 Qg5 36. Qe4 Qf5 37. Qe2 e4 38. Nxf6 Kg7 39. Ne8+ Kh6 40. Nxc7
Rc8 41. Nxa6 Nf7 42. Qe3+ g5 43. Nb4 Ne5 44. d6 Qh3 45. Rf1 Nxc6 46. Rf6+ Kh5
47. Qe2+ g4 48. Qxb5+ 1-0

[Event "2022 Wolfgang Leonhardt Cup"]
[Site "Woodvale, Perth WA AUS"]
[Date "2022.08.17"]
[Round "2"]
[White "Saxon, Marc"]
[Black "Doshi, Chirag"]
[Result "1/2-1/2"]
[EventDate "2022.08.10"]
[EventType "swiss"]
[EventRounds "7"]
[EventCountry "AUS"]
[TimeControl "3600+30"]
[WhiteElo "2015"]
[BlackElo "1825"]
[ECO "B18"]
[PlyCount "70"]

1. e4 c6 2. d4 d5 3. Nc3 dxe4 4. Nxe4 Bf5 5. Ng3 Bg6 6. h4 h5 7. Nf3 Nd7 8. Bg5
Ngf6 9. Bc4 e6 10. Qe2 Qb6 11. O-O-O Bd6 12. Bxe6 O-O 13. Bf5 Bxg3 14. Bxg6
fxg6 15. fxg3 Rae8 16. Qd3 Qa5 17. Kb1 Ne4 18. Rhe1 Qd5 19. Re2 Kh7 20. Rde1
Nef6 21. Rxe8 Rxe8 22. Rxe8 Nxe8 23. c4 Qf5 24. Qxf5 gxf5 25. Bf4 Nef6 26. Kc2
Kg8 27. Kd3 Kf7 28. b4 a6 29. a4 b5 30. a5 g6 31. cxb5 cxb5 32. Ne5+ Nxe5+ 33.
Bxe5 Nd5 34. Bd6 Ke6 35. Bc5 Kf6 1/2-1/2